 Dungeon Crawl Stone Soup version 0.18-a0-1560-ge216ca8 (webtiles) character file.

72786 Duffy the Convoker (level 15, -1/92 HPs)
             Began as a Deep Elf Summoner on Mar 12, 2016.
             Was the Champion of Sif Muna.
             Slain by a glaive of freezing (22 damage)
             ... on level 2 of the Elven Halls.
             The game lasted 01:33:28 (41761 turns).

Duffy the Convoker (Deep Elf Summoner)             Turns: 41761, Time: 01:33:28

Health: -1/92      AC: 13    Str:  5    XL:     15   Next: 2%
Magic:  21/34      EV: 26    Int: 22    God:    Sif Muna [******]
Gold:   1543       SH:  0    Dex: 26    Spells: 10 memorised, 6 levels left

rFire  + . .     SeeInvis +     b - staff of energy {!a}
rCold  + . .     Gourm    +     S - +2 robe {rC+ rF+}
rNeg   + + .     Faith    .     (no shield)
rPois  .         Spirit   .     i - +2 helmet {SInv}
rElec  .         Dismiss  .     Y - +2 cloak of Quog {+Blink rN++ MR++}
rCorr  .         Reflect  .     Z - +0 pair of gloves
SustAt .         Harm     .     y - +1 pair of boots {Fly}
MR     +++..                    t - amulet of the gourmand
Stlth  +++.......               o - ring of see invisible
                                F - ring of Omicroum {Wiz Dex+6 Slay+2}

@: flying, extremely resistant to hostile enchantments, fairly stealthy
A: no striking features
a: Channel Energy, Forget Spell, Renounce Religion, Evoke Blink, Stop Flying


You were on level 2 of the Elven Halls.
You worshipped Sif Muna.
Sif Muna was exalted by your worship.
You were very full.

You visited 4 branches of the dungeon, and saw 27 of its levels.
You visited 1 bazaar.
You also visited: Labyrinth.

You collected 2722 gold pieces.
You spent 1179 gold pieces at shops.


   Skills:
 - Level 10.0 Fighting
 + Level 3.6 Armour
 - Level 12.0 Dodging
 - Level 2.4 Stealth
 - Level 13.0 Spellcasting
 - Level 3.4 Charms
 - Level 17.0 Summonings
 - Level 3.4 Necromancy
 - Level 2.8 Ice Magic
 - Level 2.8 Air Magic
 - Level 10.5 Invocations


You had 6 spell levels left.
You knew the following spells:

 Your Spells              Type           Power        Failure   Level  Hunger
i - Call Imp              Summ           ######..     0%          2    None
j - Summon Lightning Spi  Summ/Air       ######..     1%          4    None
k - Summon Ice Beast      Ice/Summ       ######..     1%          4    None
l - Monstrous Menagerie   Summ           ######....   1%          7    None
m - Repel Missiles        Chrm/Air       ####..       1%          2    None
n - Call Canine Familiar  Summ           ######..     0%          3    None
r - Recall                Summ/Tloc      N/A          1%          3    None
t - Summon Butterflies    Summ           ######..     0%          1    None
y - Regeneration          Chrm/Necr      ####......   1%          3    None
A - Aura of Abjuration    Summ           ######....   1%          5    None

Inventory:

Hand Weapons
 a - a +2 blowgun
Missiles
 s - 672 stones (quivered)
 H - 63 poisoned needles
 N - 2 throwing nets
 X - 8 curare-tipped needles
Armour
 i - a +2 helmet of see invisible (worn)
 k - a +2 robe of the Archmagi
 y - a +1 pair of boots of flying (worn)
 S - a +2 robe of resistance (worn)
 Y - the +2 cloak of Quog (worn) {+Blink rN++ MR++}

   It greatly protects you from negative energy.
   It affects your resistance to hostile enchantments.
   It lets you blink.
 Z - a +0 pair of gloves (worn)
Magical Staves
 b - an uncursed staff of energy (weapon) {!a}
 C - an uncursed staff of power
Jewellery
 o - a ring of see invisible (right hand)
 p - an uncursed ring of poison resistance
 t - an amulet of the gourmand (around neck)
 A - an uncursed ring of fire
 F - the ring of Omicroum (left hand) {Wiz Dex+6 Slay+2}

   [ring of wizardry]

   It improves your spell success rate.
   It affects your dexterity (+6).
   It affects your accuracy and damage with ranged weapons and melee attacks
   (+2).
 T - an uncursed ring of resist corrosion
Wands
 g - a wand of heal wounds (7/9)
 r - a wand of teleportation (5/9)
 w - a wand of disintegration (10/24)
 J - a wand of paralysis (10/24)
 K - a wand of hasting (6/9)
 O - a wand of digging (10/24)
Scrolls
 d - 3 scrolls of fear
 j - 17 scrolls of remove curse
 m - 10 scrolls of teleportation
 n - 2 scrolls of enchant armour
 u - 5 scrolls of recharging
 v - 2 scrolls of summoning
 z - 3 scrolls of magic mapping
 I - 4 scrolls of blinking
 R - 3 scrolls of fog
 U - a scroll of vulnerability
Potions
 e - 6 potions of heal wounds
 l - 15 potions of curing
 q - 4 potions of ambrosia
 x - 5 potions of haste
 E - a potion of cure mutation
 G - 6 potions of brilliance
 L - a potion of agility {unknown}
 Q - 3 potions of cancellation
 V - a potion of invisibility
Miscellaneous
 c - a phial of floods
Comestibles
 f - 20 fruits
 h - 12 slices of pizza
 B - 2 bread rations

Dungeon Overview and Level Annotations

Branches:
Dungeon (15/15)            Temple (0/1) D:6            Lair (8/8) D:9
  Swamp (0/4) Lair:5        Snake (0/4) Lair:3        Slime (0/6) Lair:7
    Orc (2/2) D:11            Elf (2/3) Orc:2        Vaults (0/5) D:13
 Depths (0/5) D:15

Altars:
Ashenzari
Cheibriados
Dithmenos
Fedhas
Gozag
Kikubaaqudgha
Makhleb
Nemelex Xobeh
Pakellas
Ru
Sif Muna
Vehumet
Xom
Yredelemnul
Jiyva

Shops:
D:10 }   Orc:2 (?*?   Elf:1 (=[

Portals:
Trove: D:14 (give +2 gold dragon armour)

Annotations:
Lair:1 exclusion: oklob plant


Message History

The glaive of freezing completely misses you.
The deep elf demonologist mumbles some strange words.
Your lindwurm bites the glaive of freezing but does no damage.
Your lindwurm claws the glaive of freezing.
Your lindwurm completely misses the glaive of freezing.
Cast which spell? (? or * to list)
You summon a sphinx!
Your harpy disappears in a puff of smoke!
The deep elf knight shoots an arrow.
The arrow is repelled.
You feel less protected from missiles.
Send 'em back where they came from!
Your lindwurm shudders. x2; Your sphinx shudders.
The glaive of freezing misses you.
The deep elf knight shoots an arrow.
The arrow hits you!
The ynoxinul gestures.
Your lindwurm bites the glaive of freezing.
Your lindwurm claws the glaive of freezing but does no damage. x2
The deep elf knight shoots an arrow.
The arrow misses you.
The ufetubus completely misses your lindwurm.
The ufetubus hits your lindwurm but does no damage.
Send 'em back where they came from!
Your lindwurm disappears in a puff of smoke! x2
Your sphinx shudders.
Your sphinx misses the deep elf knight. Your sphinx hits the deep elf knight.
Your sphinx hits the deep elf knight!
The glaive of freezing hits you from afar!!
The glaive of freezing freezes you.
Your sphinx hits the hellwing but does no damage. x2
The hellwing blocks your sphinx's attack.
The deep elf knight shoots an arrow.
The arrow closely misses you.
You hear a shout!
You see here an arrow.
The deep elf knight is no longer moving quickly.
The glaive of freezing hits you from afar!!
You die...

.... +...'..)......#
..7...#####....)....#
.>....# ##.......##
......# ##'#.....##
....# ##.####'###
##..###.## #.#
##...##.## #.#
##8...8.## #.#
#...((..#######@####
##..(<(..##(...(4...#
....(kk..##...(.e...#
...(.8..####...H...##
.......#####(5.....#
......+....'...e5.##
......#######43...#
......# ##'...##
.....## ##.#...#


You could see a deep elf demonologist, a deep elf knight (invisible), a
hellwing, a rust devil, a ynoxinul, a glaive of freezing, 2 ufetubi and a
friendly sphinx.

Action                   |  1- 3 |  4- 6 |  7- 9 | 10-12 | 13-15 || total
-------------------------+-------+-------+-------+-------+-------++-------
Melee: Dagger            |   143 |   208 |   239 |   143 |   191 ||   924
Throw: Stone             |       |     3 |     4 |     8 |     2 ||    17
 Cast: Summon Small Mamm |    11 |       |       |       |       ||    11
       Call Imp          |     7 |    43 |     1 |       |       ||    51
       Call Canine Famil |       |    13 |    44 |    26 |     6 ||    89
       Summon Ice Beast  |       |     6 |   104 |   137 |    11 ||   258
       Summon Lightning  |       |       |     2 |     4 |       ||     6
       Monstrous Menager |       |       |       |   133 |   426 ||   559
       Repel Missiles    |       |       |       |     1 |     5 ||     6
       Aura of Abjuratio |       |       |       |       |     7 ||     7
       Regeneration      |       |       |       |       |     8 ||     8
Invok: Channel Energy    |       |       |    72 |   262 |   759 ||  1093
Evoke: Wand              |       |       |     5 |       |       ||     5
  Use: Scroll            |       |     7 |     6 |    14 |    17 ||    44
       Potion            |       |       |       |     1 |     1 ||     2
 Stab: Sleeping          |     5 |     7 |     5 |     3 |       ||    20
       Distracted        |       |     2 |     3 |     8 |     3 ||    16
  Eat: Chunk             |     5 |    24 |    45 |   141 |   261 ||   476
       Fruit             |       |       |       |     8 |       ||     8
       Beef jerky        |       |       |       |     7 |       ||     7

Notes
Turn   | Place    | Note
--------------------------------------------------------------
     0 | D:1      | Duffy the Deep Elf Summoner began the quest for the Orb.
     0 | D:1      | Reached XP level 1. HP: 10/10 MP: 6/6
   106 | D:1      | Found a sparkling altar of Nemelex Xobeh.
   492 | D:1      | Reached XP level 2. HP: 13/15 MP: 8/8
   537 | D:1      | Learned a level 2 spell: Call Imp
   562 | D:1      | Reached skill level 5 in Summonings
   626 | D:1      | Reached skill level 1 in Fighting
  1045 | D:1      | Reached XP level 3. HP: 20/20 MP: 9/9
  1252 | D:1      | Learned a level 3 spell: Call Canine Familiar
  1308 | D:2      | Found a shimmering altar of Xom.
  1740 | D:2      | Reached skill level 2 in Fighting
  1943 | D:2      | Reached XP level 4. HP: 25/27 MP: 4/10
  2363 | D:2      | Found a deep blue altar of Sif Muna.
  2363 | D:2      | Found an ancient bone altar of Kikubaaqudgha.
  2365 | D:2      | Found a radiant altar of Vehumet.
  2370 | D:2      | Identified Sif Muna's Volume of the Entourage (You found it on level 2 of the Dungeon)
  2372 | D:2      | Became a worshipper of Sif Muna the Loreminder
  2686 | D:3      | Noticed a phantom
  2769 | D:3      | Killed a phantom
  2769 | D:3      | Reached skill level 3 in Fighting
  2769 | D:3      | Reached XP level 5. HP: 26/32 MP: 1/11
  2853 | D:3      | Learned a level 4 spell: Summon Ice Beast
  3523 | D:3      | Found a blossoming altar of Fedhas.
  3582 | D:3      | Found a shimmering altar of Xom.
  3582 | D:3      | Found a shadowy altar of Dithmenos.
  4225 | D:4      | Noticed a phantom
  4314 | D:4      | Killed a phantom
  4314 | D:4      | Reached skill level 1 in Ice Magic
  4527 | D:4      | Reached skill level 4 in Spellcasting
  4841 | D:4      | Reached XP level 6. HP: 31/37 MP: 12/14
  5077 | D:4      | Reached skill level 6 in Summonings
  5251 | D:4      | Reached skill level 2 in Ice Magic
  5824 | D:5      | Entered Level 5 of the Dungeon
  6007 | D:5      | Reached XP level 7. HP: 41/41 MP: 5/16
  6024 | D:5      | Reached * piety under Sif Muna
  6024 | D:5      | Reached skill level 5 in Spellcasting
  6115 | D:5      | Learned a level 4 spell: Summon Lightning Spire
  6355 | D:5      | Reached skill level 7 in Summonings
  6866 | D:5      | Reached skill level 1 in Invocations
  7253 | D:5      | Found a basalt altar of Yredelemnul.
  7867 | D:6      | Reached skill level 2 in Invocations
  8611 | D:6      | Reached skill level 8 in Summonings
  8901 | D:6      | Reached skill level 3 in Invocations
  8901 | D:6      | Reached XP level 8. HP: 40/46 MP: 5/18
  9099 | D:6      | Found a staircase to the Ecumenical Temple.
  9605 | D:7      | Reached ** piety under Sif Muna
  9605 | D:7      | Reached skill level 4 in Invocations
  9878 | D:7      | Reached skill level 9 in Summonings
  9878 | D:7      | Reached skill level 5 in Invocations
 10301 | D:7      | Reached skill level 4 in Fighting
 10926 | D:8      | Reached XP level 9. HP: 52/52 MP: 7/19
 11025 | D:8      | Found a snail-covered altar of Cheibriados.
 11227 | D:8      | Reached skill level 10 in Summonings
 11300 | D:8      | Noticed Grum
 11341 | D:8      | Killed Grum
 11346 | D:8      | Reached skill level 5 in Fighting
 11572 | D:8      | Noticed a hill giant
 11590 | D:8      | Killed a hill giant
 11590 | D:8      | Reached skill level 3 in Dodging
 11590 | D:8      | Reached skill level 2 in Air Magic
 11702 | D:8      | Reached skill level 4 in Dodging
 12096 | D:9      | Noticed a troll
 12143 | D:9      | Killed a troll
 12413 | D:9      | Noticed a troll
 12430 | D:9      | Killed a troll
 12430 | D:9      | Reached skill level 5 in Dodging
 12533 | D:9      | Noticed Erica
 12548 | D:9      | Killed Erica
 12548 | D:9      | Reached skill level 7 in Dodging
 12576 | D:9      | Found a sacrificial altar of Ru.
 12577 | D:9      | Found an opulent altar of Gozag.
 12894 | D:9      | Found a shattered altar of Ashenzari.
 12966 | D:9      | Reached skill level 8 in Dodging
 13057 | D:9      | Found a staircase to the Lair.
 13472 | D:10     | Entered Level 10 of the Dungeon
 13480 | D:10     | Reached XP level 10. HP: 59/59 MP: 9/20
 14135 | D:10     | Reached skill level 6 in Spellcasting
 14306 | D:10     | Found Marynlua's Gadget Shop.
 14497 | Lair:1   | Entered Level 1 of the Lair of Beasts
 14504 | Lair:1   | Noticed a spiny frog
 14516 | Lair:1   | Killed a spiny frog
 14516 | Lair:1   | Reached *** piety under Sif Muna
 14575 | Lair:1   | Noticed an oklob plant
 14941 | Lair:1   | Noticed Urug
 15187 | Lair:2   | Noticed a spiny frog
 15203 | Lair:2   | Killed a spiny frog
 15758 | Lair:2   | Reached skill level 7 in Spellcasting
 15761 | Lair:2   | Reached skill level 11 in Summonings
 15853 | Lair:2   | Noticed a spiny frog
 15866 | Lair:2   | Killed a spiny frog
 15967 | Lair:2   | Reached **** piety under Sif Muna
 16084 | Lair:2   | Reached skill level 8 in Spellcasting
 16471 | Lair:2   | Learned a level 7 spell: Monstrous Menagerie
 16473 | Lair:3   | Noticed a five-headed hydra
 16491 | Lair:3   | Killed a five-headed hydra
 16491 | Lair:3   | Reached skill level 12 in Summonings
 16544 | Lair:3   | Found a staircase to the Snake Pit.
 16564 | Lair:3   | Reached ***** piety under Sif Muna
 16732 | Lair:3   | Noticed a death yak
 16732 | Lair:3   | Noticed a death yak
 16733 | Lair:3   | Noticed a death yak
 16757 | Lair:3   | Noticed a death yak
 16777 | Lair:3   | Killed a death yak
 16802 | Lair:3   | Noticed a death yak
 16803 | Lair:3   | Noticed a death yak
 16823 | Lair:3   | Killed a death yak
 16823 | Lair:3   | Reached skill level 9 in Spellcasting
 16827 | Lair:3   | Killed a death yak
 16827 | Lair:3   | Reached XP level 11. HP: 41/63 MP: 11/26
 16843 | Lair:3   | Killed a death yak
 16852 | Lair:3   | Killed a death yak
 16873 | Lair:3   | Killed a death yak
 17080 | Lair:3   | Got a flickering steel ring
 17089 | Lair:3   | Noticed crawlian's ghost (journeyman DECj)
 17192 | Lair:4   | Noticed Rupert
 17207 | Lair:4   | Killed Rupert
 17207 | Lair:4   | Reached skill level 10 in Spellcasting
 17207 | Lair:4   | Reached skill level 13 in Summonings
 17228 | Lair:4   | Found a labyrinth entrance.
 17242 | Lab      | Entered a labyrinth
 17812 | Lab      | Noticed a minotaur
 17831 | Lab      | Killed a minotaur
 17831 | Lab      | Reached ****** piety under Sif Muna
 17831 | Lab      | Received a gift from Sif Muna
 17832 | Lab      | Identified Sif Muna's Volume of Calling (Sif Muna gifted it to you in a labyrinth)
 18010 | Lab      | Got a transparent cloak
 18017 | Lab      | Identified the +2 cloak of Quog {+Blink rN++ MR++} (You found it in a labyrinth)
 18026 | Lab      | Learned a level 5 spell: Aura of Abjuration
 18038 | Lab      | Got a steaming wooden ring
 18069 | Lab      | Learned a level 3 spell: Recall
 18121 | Lair:4   | Noticed a griffon
 18132 | Lair:4   | Killed a griffon
 18147 | Lair:4   | Reached skill level 14 in Summonings
 18972 | Lair:4   | Learned a level 2 spell: Repel Missiles
 19945 | Lair:3   | Killed crawlian's ghost
 20532 | Lair:1   | Killed Urug
 20625 | Lair:1   | Reached skill level 15 in Summonings
 21035 | Lair:1   | Noticed a seven-headed hydra
 21042 | Lair:1   | Killed a seven-headed hydra
 21268 | Lair:1   | Noticed a six-headed hydra
 21273 | Lair:1   | Killed a six-headed hydra
 21273 | Lair:1   | Reached XP level 12. HP: 68/68 MP: 13/28
 21739 | Lair:5   | Noticed a four-headed hydra
 21752 | Lair:5   | Killed a four-headed hydra
 21786 | Lair:5   | Reached skill level 11 in Spellcasting
 22569 | Lair:5   | Found a staircase to the Swamp.
 23495 | Lair:6   | Learned a level 1 spell: Summon Butterflies
 23623 | Lair:6   | Noticed Kirke
 23630 | Lair:6   | Killed Kirke
 23823 | Lair:6   | Reached skill level 16 in Summonings
 23899 | Lair:6   | Identified the ring of Olofrum {rPois MR++ Int-4} (You found it in a labyrinth)
 24325 | Lair:6   | Reached skill level 12 in Spellcasting
 24485 | Lair:6   | You are sucked into a shaft for 2 floors!
 24485 | Lair:8   | Entered Level 8 of the Lair of Beasts
 24485 | Lair:8   | Noticed a catoblepas
 24492 | Lair:8   | Killed a catoblepas
 24492 | Lair:8   | Reached skill level 9 in Dodging
 24562 | Lair:8   | Noticed a death yak
 24562 | Lair:8   | Noticed a death yak
 24569 | Lair:8   | Killed a death yak
 24575 | Lair:8   | Killed a death yak
 24605 | Lair:8   | Noticed a death yak
 24606 | Lair:8   | Noticed a death yak
 24612 | Lair:8   | Killed a death yak
 24615 | Lair:8   | Killed a death yak
 24655 | Lair:8   | Noticed a death yak
 24655 | Lair:8   | Noticed a death yak
 24659 | Lair:8   | Killed a death yak
 24659 | Lair:8   | Reached skill level 6 in Invocations
 24668 | Lair:8   | Killed a death yak
 24677 | Lair:8   | Noticed a catoblepas
 24696 | Lair:8   | Killed a catoblepas
 24696 | Lair:8   | Reached skill level 10 in Dodging
 24786 | Lair:8   | Noticed a death yak
 24786 | Lair:8   | Noticed a catoblepas
 24788 | Lair:8   | Noticed a death yak
 24790 | Lair:8   | Noticed a death yak
 24795 | Lair:8   | Killed a death yak
 24800 | Lair:8   | Killed a death yak
 24820 | Lair:8   | Killed a catoblepas
 24824 | Lair:8   | Killed a death yak
 24824 | Lair:8   | Reached skill level 7 in Invocations
 24911 | Lair:8   | Noticed a death yak
 24917 | Lair:8   | Killed a death yak
 24978 | Lair:8   | Noticed a six-headed hydra
 24982 | Lair:8   | Killed a six-headed hydra
 25469 | Lair:7   | Reached skill level 6 in Fighting
 25840 | Lair:7   | Reached XP level 13. HP: 72/74 MP: 9/31
 26021 | Lair:7   | Reached skill level 8 in Invocations
 26414 | Lair:7   | Reached skill level 9 in Invocations
 26414 | Lair:7   | Reached skill level 7 in Fighting
 26901 | Lair:7   | Found a viscous altar of Jiyva.
 26901 | Lair:7   | Found a staircase to the Slime Pits.
 28467 | D:11     | Reached skill level 10 in Invocations
 28635 | D:11     | Found a staircase to the Orcish Mines.
 28967 | D:11     | Reached skill level 8 in Fighting
 29925 | Orc:1    | Entered Level 1 of the Orcish Mines
 29928 | Orc:1    | Noticed Gastronok
 30130 | D:11     | Killed Gastronok
 30307 | Orc:2    | Entered Level 2 of the Orcish Mines
 30683 | Orc:2    | Noticed a stone giant
 30764 | Orc:2    | Killed a stone giant
 30764 | Orc:2    | Reached skill level 9 in Fighting
 31216 | Orc:2    | Found Zuuda's Magic Scroll Shop.
 31216 | Orc:2    | Found Mics's Magic Scroll Boutique.
 31219 | Orc:2    | Found Vaafob's Weapon Boutique.
 31279 | Orc:2    | Found Ybybli's General Store.
 31394 | Orc:2    | Bought a scroll of identify for 24 gold pieces
 31394 | Orc:2    | Identified the ring of Omicroum {Wiz Dex+6 Slay+2} (You found it on level 3 of the Lair of Beasts)
 31650 | Orc:2    | Found a staircase to the Elven Halls.
 33233 | Orc:1    | Reached XP level 14. HP: 87/87 MP: 24/32
 33372 | Orc:1    | Found a burning altar of Makhleb.
 33399 | Orc:1    | Noticed Erolcha
 33405 | Orc:1    | Killed Erolcha
 33817 | Orc:2    | Bought a scroll of identify for 28 gold pieces
 33817 | Orc:2    | Bought 3 scrolls of identify for 84 gold pieces
 33838 | Orc:2    | Bought a potion of curing for 33 gold pieces
 33839 | Orc:2    | Bought a scroll of recharging for 133 gold pieces
 33839 | Orc:2    | Bought a scroll of magic mapping for 49 gold pieces
 33839 | Orc:2    | Bought a scroll of recharging for 133 gold pieces
 33839 | Orc:2    | Bought a scroll of fog for 28 gold pieces
 33839 | Orc:2    | Bought a scroll of fog for 28 gold pieces
 33839 | Orc:2    | Bought a scroll of summoning for 133 gold pieces
 33840 | Orc:2    | Bought a scroll of recharging for 114 gold pieces
 33840 | Orc:2    | Bought a scroll of magic mapping for 42 gold pieces
 33840 | Orc:2    | Bought a scroll of teleportation for 36 gold pieces
 33840 | Orc:2    | Bought a scroll of magic mapping for 42 gold pieces
 33840 | Orc:2    | Bought a scroll of enchant armour for 90 gold pieces
 33876 | Orc:1    | Reached skill level 10 in Fighting
 34098 | D:12     | Reached skill level 1 in Charms
 34371 | D:12     | Reached skill level 2 in Charms
 36325 | D:13     | Found a gate to the Vaults.
 36382 | D:13     | Received a gift from Sif Muna
 36393 | D:13     | Learned a level 3 spell: Regeneration
 36425 | D:13     | Reached skill level 1 in Necromancy
 36445 | D:13     | Reached skill level 2 in Necromancy
 36474 | D:13     | Found an oddly glowing altar of Pakellas.
 37205 | D:13     | Reached skill level 3 in Charms
 37304 | D:14     | Reached skill level 3 in Necromancy
 37434 | D:14     | Found a portal to a secret trove of treasure.
 37997 | D:15     | Entered Level 15 of the Dungeon
 38113 | D:15     | Found a flickering gateway to a bazaar.
 38122 | Bazaar   | Entered a bazaar
 38124 | Bazaar   | Found Nosaw's Book Boutique.
 38128 | Bazaar   | Found Iceshoyseez's Antique Armour Boutique.
 38128 | Bazaar   | Found Fulofiv's Assorted Antiques.
 38129 | Bazaar   | Found Ruchacsoseh's Armour Boutique.
 38160 | Bazaar   | Bought a scroll labeled VOIDEA YCHERCHI for 23 gold pieces
 38379 | D:15     | Found a staircase to the Depths.
 38710 | D:15     | Reached skill level 13 in Spellcasting
 39174 | Elf:1    | Entered Level 1 of the Elven Halls
 39466 | Elf:1    | Found Hegim's Jewellery Boutique.
 39689 | Elf:1    | Reached skill level 17 in Summonings
 39748 | Elf:1    | Found Ofadd's Antique Armour Shop.
 39751 | Elf:1    | Bought a heavily jewelled robe for 159 gold pieces
 39762 | Elf:1    | Identified the +1 robe "Hunkote" {Slay+2} (You bought it in a shop on level 1 of the Elven Halls)
 39847 | Elf:1    | Reached skill level 11 in Dodging
 40067 | Elf:1    | Found Buime's Weapon Boutique.
 40474 | Elf:1    | Reached skill level 12 in Dodging
 40502 | Elf:1    | Reached skill level 1 in Armour
 40812 | Elf:1    | Reached skill level 2 in Armour
 40931 | Elf:2    | Noticed a deep elf sorcerer
 40938 | Elf:2    | Killed a deep elf sorcerer
 41546 | Elf:2    | Reached skill level 3 in Armour
 41597 | Elf:2    | Reached XP level 15. HP: 92/92 MP: 15/34
 41745 | Elf:2    | Noticed a Shadow Fiend
 41761 | Elf:2    | Slain by a glaive of freezing

Vault maps used:
D:1:      dpeg_arrival_court, corexii_item_surrounded_by_moat,
          nemelex_xobeh_ov_fountains_minmay
D:2:      grunt_temple_overflow_magic_moments, xom_teletrap_fun
D:3:      minitemple
D:4:      first_bread
D:5:      yredelemnul_altar_generic, serial_glass, glass_columns_b,
          glass_columns_a
D:6:      temple_green, nicolae_lava_and_water
D:7:      grunt_livestock
D:8:      cheibriados_altar_wand_db, uniq_grum
D:9:      lemuel_round_altar, gammafunk_temple_overflow_statue,
          erik_lair_island, uniq_erica
D:10:     serial_shops, shop, grunt_decor_cap
D:11:     erik_orc_4, serial_glass, glass_columns_a, glass_columns_a,
          glass_columns_a, glass_columns_a, glass_columns_a, glass_columns_a,
          feat_on_display
D:13:     hangedman_vaults_entry_quadrant_bands, serial_glass, glass_columns_a,
          glass_columns_a, glass_columns_c, glass_columns_a, glass_columns_a,
          glass_columns_b, grunt_pakellas_basics
D:14:     hangedman_decor_points, nicolae_trove_entry_columns
D:15:     hangedman_depths_entry_civil_slaughter, nrook_mini_vaults,
          serial_shops, bzr_entry_lakeside
Lair:1:   lemuel_oklob_altar, infiniplex_staircase_pool_2, uniq_urug
Lair:2:   grunt_megastairs_1, lemuel_fruit_fields, lemuel_fruit_tree
Lair:3:   minmay_snake_entry_guardpost_small, columned_hall_lemuel
Lair:4:   lab_entry_generic, st_stairs_11, uniq_rupert
Lair:5:   nicolae_swamp_entry_splash_gauntlet
Lair:6:   uniq_kirke
Lair:7:   dpeg_slime_entry_enclosed_altar, serial_bayou_pond_c,
          beast_lair_carwin_4, infiniplex_staircase_pool, serial_bayou_shore_b
Lair:8:   evilmike_catoblepas_cave, serial_bayou_shore_b
Orc:1:    basic_altar, uniq_gastronok, uniq_erolcha
Orc:2:    st_orc_mages
Elf:1:    elf_arrival_001, serial_shops, shop, nicolae_shop_stone, shop,
          hangedman_elf_represent
Elf:2:    minivault_16, grunt_ministairs_1, uniq_nikola, uniq_wiglaf
Lab:      nicolae_lab_grate_2, nicolae_lab_arrow, nicolae_lab_stuck,
          labyrinth_glass_1, lab_hedge, labyrinth_lava_lair, nicolae_lab_blocks,
          nicolae_lab_dead_end, lab_block, nicolae_lab_grate,
          nicolae_lab_statue, nicolae_lab_do_over
Bazaar:   bazaar_minmay_cross

Vanquished Creatures
  Rupert Gastronok Kirke
  A deep elf sorcerer
  A stone giant
  A deep elf demonologist
  An ettin
  A deep elf death mage
  A minotaur
  A deep elf high priest
  3 catoblepae
  8 hydras
  The ghost of crawlian the Devastator, a journeyman DECj of Vehumet Erica
  An ogre mage
  4 centaur warriors Erolcha
  A death knight
  7 dancing weapons
  3 orc high priests
  22 death yaks Urug
  12 deep elf knights
  A fire crab
  3 unseen horrors
  6 hill giants
  3 deep elf archers
  A lindwurm (shapeshifter)
  A lindwurm
  3 orc knights
  A wizard
  4 ugly things
  31 deep elf magi
  10 orc sorcerers
  3 griffons
  4 cyclopes
  3 manticores
  4 centaur zombies
  12 elephants
  3 black mambas
  12 spiny frogs
  2 gargoyles
  A spiny frog (shapeshifter)
  A centaur skeleton
  5 rime drakes
  12 komodo dragons
  11 trolls
  4 yaktaurs
  A tengu conjurer
  5 polar bears
  3 two-headed ogres
  24 blink frogs
  A minotaur skeleton
  A hornet zombie
  2 shadows
  2 spriggans (shapeshifter)
  2 water elementals
  5 wyverns
  A vampire
  A fire elemental
  60 yaks
  6 hogs
  9 hippogriffs Grum
  2 humans
  2 basilisks
  10 hungry ghosts
  A steam dragon
  4 vampire mosquitoes
  2 mottled dragons
  4 swamp worms
  6 wargs
  4 nagas
  16 water moccasins
  8 porcupines
  An eye of draining
  7 ice beasts
  31 orc warriors
  A wasp
  15 ogres
  8 sky beasts
  8 phantoms
  A necrophage
  A boggart
  13 wolves
  11 centaurs
  20 crocodiles
  6 big kobolds
  A gnoll sergeant
  16 giant frogs
  2 wyvern zombies
  3 scorpions
  11 killer bees
  3 jellies
  6 electric eels
  7 wights
  3 giant frog zombies
  4 crimson imps
  11 hounds
  4 lava snakes
  A quasit
  7 iguanas
  40 orc priests
  A gnoll shaman
  8 worker ants
  37 orc wizards
  11 sheep
  A hound skeleton
  A howler monkey zombie
  2 worker ant zombies
  11 gnolls
  A howler monkey skeleton
  13 adders
  17 river rats
  3 shadow imps
  An ooze
  2 adder skeletons
  4 worms
  2 dart slugs
  6 giant geckos
  104 orcs
  7 giant cockroaches
  10 goblins
  8 hobgoblins
  20 jackals
  21 kobolds
  10 quokkas
  5 ball pythons
  7 bats
  A giant gecko skeleton
  9 giant newts
  A jackal skeleton
  A quokka zombie
  7 rats
  2 bushes
  29 fungi
  11 plants
1015 creatures vanquished.
